 Dungeon Crawl Stone Soup version 0.31-a0-459-gc8a9bf3d51 (webtiles) character file.

Game seed: 13910106837599995821

39 Ethylacetat the Insei (level 3, 0/20 HPs)
             Began as a Vine Stalker Monk on Aug 4, 2023.
             Killed from afar by an orc wizard (6 damage)
             ... with a magic dart
             ... on level 2 of the Dungeon.
             The game lasted 00:01:18 (988 turns).

Ethylacetat the Insei (Vine Stalker Monk)            Turns: 988, Time: 00:01:18

Health: 0/20       AC:  2    Str: 13    XL:     3   Next: 45%
Magic:  0/5        EV: 13    Int: 10    God:
Gold:   53         SH:  0    Dex: 18    Spells: 4/4 levels left

rFire   . .          .
                       - Unarmed
rCold   . . .        c - orb {light}
rNeg    . . .        a - +0 robe
rPois   .            (no helmet)
rElec   .            (no cloak)
rCorr   .            (no gloves)
SInv    .            (no boots)
Will    .....        f - amulet of regeneration
Stlth   +            (no ring)
HPRegen 1.03/turn    (no ring)
MPRegen 0.09/turn

%: guardian spirit
@: glowing
A: fangs 2, magic shield, antimagic bite, no potion heal 2
a: no special abilities


You were on level 2 of the Dungeon.
You visited 1 branch of the dungeon, and saw 2 of its levels.

You collected 53 gold pieces.

Inventory:

Armour
 a - a +0 robe (worn)
 c - an orb of light (worn)
Jewellery
 f - an amulet of regeneration (around neck)
 i - a ring of fire
Scrolls
 e - a scroll of fear {unknown}
 g - a scroll of enchant armour {unknown}
 h - a scroll of fog {unknown}
 j - a scroll of identify {unknown}
Potions
 b - a potion of ambrosia
 d - a potion of invisibility {unknown}


   Skills:
 + Level 3.0 Fighting
 - Level 2.4 Dodging
 * Level 3.8 Unarmed Combat
 + Level 1.2 Spellcasting


You had 4 spell levels left.
You didn't know any spells.
Your spell library contained the following spells:

 Spells                   Type           Power      Damage    Failure   Level
 Blink                    Tloc           0%         N/A       45%         2
 Lesser Beckoning         Tloc           0%         N/A       45%         2
 Momentum Strike          Conj/Tloc      0%         3d8       45%         2
 Dazzling Flash           Conj/Hex       0%         N/A       71%         3
 Agony                    Necr           0%         N/A       100%        5
 Silence                  Hex/Air        0%         N/A       100%        5


Dungeon Overview and Level Annotations

Branches:
Dungeon (2/15)

Altars:
The Shining One


Innate Abilities, Weirdness & Mutations

You have extremely sharp teeth.
When hurt, damage is shared between your health and your magic reserves.
Your bite disrupts and absorbs the magic of your enemies.
Potions cannot restore your health.


Message History

The orc wizard is moderately wounded.
The orc wizard hits you with a +0 dagger.
You bump into the rock wall.
The orc wizard hits you with a +0 dagger.
You hit the orc wizard but do no damage.
The orc wizard is moderately wounded.
The orc wizard misses you.
You bump into the rock wall.
You feel less confused.
The orc wizard hits you with a +0 dagger.
You hit the orc wizard but do no damage.
The orc wizard is moderately wounded.
The orc wizard closely misses you.
You barely miss the orc wizard.
The orc wizard is moderately wounded.
The orc wizard hits you with a +0 dagger.
* * * LOW HITPOINT WARNING * * *
You hit the orc wizard but do no damage.
You bite the orc wizard.
The orc wizard's magic leaks into the air.
You drain its magic.
You feel invigorated.
The orc wizard is moderately wounded.
The orc wizard hits you with a +0 dagger.
* * * LOW HITPOINT WARNING * * *
You are too injured to fight recklessly!
You are too injured to fight recklessly!
You are too injured to fight recklessly!
You hit the orc wizard.
The orc wizard is heavily wounded.
The orc wizard hits you with a +0 dagger.
* * * LOW HITPOINT WARNING * * *
You closely miss the orc wizard.
You bite the orc wizard, but do no damage.
The orc wizard is heavily wounded.
You hit the orc wizard.
You bite the orc wizard, but do no damage.
The orc wizard is almost dead.
The orc wizard points at you and mumbles some strange words.
The magic dart hits you!
You die...

### #.. #.# #.#
#.#####.##
#.######........#
#.....@o..).#
#..#####.##.####.#
#.##....#.#
#.##......#
#.#.......##
#..........#
#..........#
#..........#####
###.............


You could see an orc wizard (invisible, magic disrupted).

Vanquished Creatures
  2 orcs (D:2)
  6 ball pythons
  5 endoplasms (D:1)
  A goblin (D:1)
  4 hobgoblins (D:1)
  4 jackals (D:1)
  2 bats (D:1)
  3 frilled lizards (D:1)
  4 kobolds (D:1)
  2 rats (D:1)
33 creatures vanquished.

Notes
Turn   | Place    | Note
-------+----------+-------------------------------------------
     0 | D:1      | Ethylacetat the Vine Stalker Monk began the quest for the
                  | Orb.
     0 | D:1      | Reached XP level 1. HP: 11/11 MP: 2/2
   104 | D:1      | Reached XP level 2. HP: 14/16 MP: 3/3
   365 | D:1      | Reached skill level 1 in Spellcasting
   410 | D:1      | Reached XP level 3. HP: 19/19 MP: 3/5
   536 | D:1      | Found a faded altar of an unknown god.
   543 | D:1      | Prayed at the altar of an unknown god.
   543 | D:1      | Became a worshipper of the Shining One
   543 | D:1      | Reached * piety under the Shining One
   543 | D:1      | Reached ** piety under the Shining One
   549 | D:1      | Fell from the grace of the Shining One
   988 | D:2      | Killed from afar by an orc wizard

Illustrated notes

Levels and vault maps discovered:
D:1:      dpeg_arrival_houses_and_road, layout_basic,
          ebering_ecumenical_altar_sacrificial, kennysheep_boxes
D:2:      layout_loops_ring, basic_altar

Skill      XL: |  1  2  3 |
---------------+----------+-----
Spellcasting   | 1 |  1.2
Fighting       | 3 |  3.0
Dodging        | |  2.4
Unarmed Combat | |  3.8

Action                     || total
---------------------------++-------
  Melee: Unarmed           ||    81
         Bite              ||    27
 Invoke: Renounce Religion ||     1
 Armour: Robe              ||     6
  Dodge: Dodged            ||    50

Table legend: (Time is in decaauts)
 A = Elapsed time spent in this place.
 B = Non-inter-level travel time spent in this place.
 C = Inter-level travel time spent in this place.
 D = Time resting spent in this place.
 E = Time spent auto-exploring this place.
 F = Levels seen in this place.
 G = Mean time per level.
                   A        B        C        D        E       F      G
               +--------+--------+--------+--------+--------+-----+--------+
         Total |    982 |    962 |     20 |      0 |    783 |   2 |  491.0 |
       Dungeon |    982 |    962 |     20 |      0 |    783 |   2 |  491.0 |
               +--------+--------+--------+--------+--------+-----+--------+

Top non-repeatable levels by time:
     D:1: 930 daAuts
     D:2: 52 daAuts
